 Dungeon Crawl Stone Soup version 0.23-a0-650-ga4d50d4 (webtiles) character file.

45 Blackhawk the Vexing (level 3, -1/14 HPs)
             Began as a Felid Enchanter on Jan 4, 2019.
             Slain by a hobgoblin (4 damage)
             ... on level 2 of the Dungeon.
             The game lasted 00:03:23 (1320 turns).

Blackhawk the Vexing (Felid Enchanter)              Turns: 1320, Time: 00:03:24

Health: -1/14      AC:  1    Str:  4    XL:     3   Next: 42%
Magic:  6/7        EV: 18    Int: 16    God:
Gold:   69         SH:  0    Dex: 17    Spells: 5/6 levels left
                                        Lives:  0   Deaths: 0

rFire    . . .     SeeInvis +     - Unarmed
rCold    . . .     Gourm    .   (shield unavailable)
rNeg     . . .     Faith    .   (armour unavailable)
rPois    .         Spirit   .   (helmet unavailable)
rElec    .         Reflect  .   (cloak unavailable)
rCorr    .         Harm     .   (gloves unavailable)
MR       .....                  (boots unavailable)
Stlth    +++.......             c - amulet of rage
HPRegen  0.04/turn              (no ring)
MPRegen  0.10/turn              (no ring)

@: quick
A: very small, no armour, no weapons or thrown items, stealth, claws 1, fangs 3,
see invisible, carnivore, speed 1, shaggy fur 1, slow metabolism 1, sharp paws
a: Evoke Berserk Rage


You were on level 2 of the Dungeon.
You were completely stuffed.

You visited 1 branch of the dungeon, and saw 2 of its levels.

You collected 69 gold pieces.

Inventory:

Jewellery
 c - an amulet of rage (around neck)
Scrolls
 e - 2 scrolls of amnesia {unknown}
 g - 2 scrolls of teleportation {unknown}
 h - 4 scrolls of identify {unknown}
Potions
 a - a potion of brilliance {unknown}
 d - a potion of curing {unknown}
 i - a potion of heal wounds {unknown}
 j - a potion of mutation {unknown}
Comestibles
 b - 3 rations
 f - 3 chunks of flesh


   Skills:
 + Level 3.3 Dodging
 + Level 4.6 Stealth
 + Level 1.6 Unarmed Combat
 + Level 2.3 Spellcasting
 + Level 4.9 Hexes


You had 5 spell levels left.
You knew the following spells:

 Your Spells              Type           Power        Failure   Level  Hunger
a - Corona                Hex            ###....      2%          1    #......

Your spell library contained the following spells:

 Spells                   Type           Power        Failure   Level  Hunger
 Confuse                  Hex            ###.....     8%          3    ###....
 Tukima's Dance           Hex            ###.....     8%          3    ###....
 Ensorcelled Hibernation  Hex/Ice        #.....       11%         2    ###....
 Dazzling Spray           Conj/Hex       #.....       22%         3    ###....


Dungeon Overview and Level Annotations

Branches:
Dungeon (2/15)

Altars:


Innate Abilities, Weirdness & Mutations

You cannot wear armour.
You are incapable of wielding weapons or throwing items.
Your paws allow you to move quietly. (Stealth)
You have sharp claws.
You have razor-sharp teeth.
You have supernaturally acute eyesight. (SInv)
You are carnivorous and can eat meat at any time.
You cover ground quickly.
You are covered in fur. (AC +1)
You have a slow metabolism.
Your sharp claws are effective at attacking unaware monsters.


Message History

The hobgoblin is lightly wounded.
The hobgoblin misses you.
You scratch the hobgoblin but do no damage.
The hobgoblin is lightly wounded.
The hobgoblin closely misses you.
You closely miss the hobgoblin.
The hobgoblin is lightly wounded.
The hobgoblin misses you.
You scratch the hobgoblin.
The hobgoblin is heavily wounded.
The hobgoblin hits you.
* * * LOW HITPOINT WARNING * * *
You scratch the hobgoblin.
The hobgoblin is almost dead.
The hobgoblin closely misses you.
You scratch the hobgoblin but do no damage.
You bite the hobgoblin, but do no damage.
The hobgoblin is almost dead.
The hobgoblin hits you.
You die...

.... .... .>.. ...# ..[..
##...####. .....##.........
... ............# #. .#..#
..........# #.#.## .....
.....#..#### ...######..#
....g......#####....#....#
.....#..#รท.gg@..........##
..........######....###..#
#####.)#### #.##......####
#.. #.#####...^..# #... #.#
#....#... #..#. #.#
##.#..>.. #.##. #..
#.####.. ###.####......#
#.......#####


You could see 2 hobgoblins.

Vanquished Creatures
  An adder (D:2)
  3 dart slugs
  A leopard gecko (D:1)
  7 bats
  4 goblins (D:1)
  2 hobgoblins (D:1)
  2 jackals (D:1)
  A ball python (D:1)
  2 frilled lizards (D:1)
  3 kobolds (D:1)
  5 rats
31 creatures vanquished.

Notes
Turn   | Place    | Note
-------+----------+-------------------------------------------
     0 | D:1      | Blackhawk the Felid Enchanter began the quest for the Orb.
     0 | D:1      | Reached XP level 1. HP: 7/7 MP: 4/4
    48 | D:1      | Reached XP level 2. HP: 9/11 MP: 6/6
  1055 | D:1      | Reached XP level 3. HP: 14/14 MP: 7/7
  1320 | D:2      | Slain by a hobgoblin

Vault maps used:
D:1:      ncdulo_watergridlock, corexii_corridor_pit
D:2:      minmay_tromino_v7, uniq_sigmund

Skill      XL: |  1  2 |
---------------+-------+-----
Dodging        | 3 |  3.3
Stealth        | |  4.6
Unarmed Combat | |  1.6
Spellcasting   | |  2.3
Hexes          | |  4.9

Action                   || total
-------------------------++-------
Melee: Unarmed           ||   108
       Bite              ||     8
 Cast: Corona            ||     2
 Stab: Sleeping          ||     8
  Eat: Chunk             ||     8
Armor: Skin              ||    13
Dodge: Dodged            ||   106

Table legend:
 A = Non-vault XP
 B = Vault XP
 C = Vault XP percentage of total XP
 D = Non-vault monster count
 E = Vault monster count
 F = Vault count percentage of total count
                 A         B        C        D         E       F
            +---------+---------+-------+---------+---------+-------
      Total |      65 |       0 |   0.0 |      31 |       0 |   0.0
            +---------+---------+-------+---------+---------+-------
        D:1 |      45 |       0 |   0.0 |      27 |       0 |   0.0
        D:2 |      20 |       0 |   0.0 |       4 |       0 |   0.0
            +---------+---------+-------+---------+---------+-------
